 Dungeon Crawl Stone Soup version 0.29-a0-700-g2f1814c7b2 (webtiles) character file.

Game seed: 10541453308104205023

71 MudFish the Cudgeller (level 4, 0/28 HPs)
             Began as a Gargoyle Gladiator on June 25, 2022.
             Slain by a kobold
             ... wielding a +0 short sword
              (2 damage)
             ... on level 2 of the Dungeon.
             The game lasted 00:02:32 (1159 turns).

MudFish the Cudgeller (Gargoyle Gladiator)          Turns: 1159, Time: 00:02:33

Health: 0/28       AC:  8    Str: 19    XL:     4   Next: 24%
Magic:  4/4        EV: 12    Int:  9    God:
Gold:   51         SH:  0    Dex: 11    Spells: 3/3 levels left

rFire   . . .      SeeInvis .   a - +0 flail
rCold   . . .      Faith    .   (no shield)
rNeg    + . .      Spirit   .   b - +0 leather armour
rPois   ∞          Reflect  .   c - +0 helmet
rElec   +          Harm     .   (no cloak)
rCorr   .          Rampage  .   n - +0 pair of gloves
Will    .....                   (no boots)
Stlth   +.........              (no amulet)
HPRegen 0.09/turn               (no ring)
MPRegen 0.09/turn               (no ring)

@: no status effects
A: sickness immunity, AC +3, negative energy resistance 1, electricity
resistance, torment resistance 1, petrification resistance
a: no special abilities


You were on level 2 of the Dungeon.
You visited 1 branch of the dungeon, and saw 2 of its levels.

You collected 51 gold pieces.

Inventory:

Hand Weapons
 a - a +0 flail (weapon)
 i - a +2 short sword of freezing
Missiles
 d - 3 throwing nets (quivered)
 e - a javelin
Armour
 b - a +0 leather armour (worn)
 c - a +0 helmet (worn)
 n - a +0 pair of gloves (worn)
Jewellery
 m - an amulet of faith
Scrolls
 h - a scroll of teleportation {unknown}
 j - 3 scrolls of identify {unknown}
 l - a scroll of fear {unknown}
 o - 3 scrolls of enchant weapon {unknown}


   Skills:
 * Level 3.2 Fighting
 * Level 4.0 Maces & Flails
 - Level 1.7 Throwing
 + Level 1.5 Armour
 - Level 2.4 Dodging


You had 3 spell levels left.
You didn't know any spells.
Your spell library was empty.

Dungeon Overview and Level Annotations

Branches:
Dungeon (2/15)

Altars:


Innate Abilities, Weirdness & Mutations

You are immune to sickness and miasma.
Your stone body is resilient. (AC +3)
You are immune to poison.
You resist negative energy. (rN+)
You are resistant to electric shocks. (rElec)
You are resistant to unholy torment.
You are immune to petrification.


Message History

The hobgoblin hits you but does no damage.
The kobold hits you but does no damage.
The gnoll hits you but does no damage. x2
You hit the hobgoblin.
The hobgoblin is severely wounded.
Your transformation is almost over.
The hobgoblin hits you but does no damage.
The kobold hits you but does no damage. The gnoll hits you with a +0 club.
The gnoll hits you but does no damage.
You closely miss the hobgoblin.
The hobgoblin is severely wounded.
The kobold hits you with a +0 short sword.
The hobgoblin hits you but does no damage.
The gnoll hits you but does no damage.
The gnoll hits you from afar with a +0 spear.
The gnoll hits you but does no damage. The kobold hits you but does no damage.
The gnoll barely misses you.
The hobgoblin hits you but does no damage.
You hit the gnoll.
The gnoll is almost dead.
The hobgoblin hits you but does no damage.
The kobold hits you but does no damage.
The gnoll hits you from afar with a +0 spear!
* * * LOW HITPOINT WARNING * * *
The gnoll hits you but does no damage.
It was a potion of cancellation.
Your magical effects are unravelling.
You feel magically purged.
You feel less wooden.
Your +0 helmet unmelds from your body.
Your +0 pair of gloves unmelds from your body.
Your +0 leather armour unmelds from your body.
An adder comes into view.
The hobgoblin hits you.
* * * LOW HITPOINT WARNING * * *
The kobold closely misses you. The gnoll misses you. x2
The adder hisses angrily.
You hit the hobgoblin.
You kill the hobgoblin!
The kobold hits you with a +0 short sword.
You die...

#..))###.##.#
#######
#........##.#
#.##.##.....#
#.#.....######
#.#.....##...#
#..........#
.##.###.#####
........K...#
####.##@###.#
# #)gK.....
..g....##
..P......#
..P....PP.#
S..P....P..#
......P...P..
.....P.PP.PP.#


You could see 2 gnolls, an adder and 2 kobolds.

Vanquished Creatures
  2 gnolls
  An adder (D:2)
  A dart slug (D:1)
  2 bats (D:1)
  5 endoplasms (D:1)
  4 goblins
  3 hobgoblins
  4 jackals (D:1)
  3 quokkas
  A frilled lizard (D:1)
  7 kobolds (D:1)
  6 rats
39 creatures vanquished.

Vanquished Creatures (others)
  A plant (D:2)
1 creature vanquished.

Grand Total: 40 creatures vanquished

Notes
Turn   | Place    | Note
-------+----------+-------------------------------------------
     0 | D:1      | MudFish the Gargoyle Gladiator began the quest for the Orb.
     0 | D:1      | Reached XP level 1. HP: 12/12 MP: 1/1
   225 | D:1      | Reached XP level 2. HP: 18/18 MP: 2/2
   491 | D:1      | Reached skill level 1 in Armour
   491 | D:1      | Reached XP level 3. HP: 22/22 MP: 3/3
   724 | D:1      | Found a faded altar of an unknown god.
  1078 | D:2      | Reached XP level 4. HP: 28/28 MP: 4/4
  1123 | D:2      | Reached skill level 4 in Maces & Flails
  1159 | D:2      | Slain by a kobold

Illustrated notes

Levels and vault maps discovered:
D:1:      heliophobic_arrival_ceremonial_halls, layout_loops_ring,
          ebering_ecumenical_altar_rust
D:2:      layout_basic, nicolae_grassy_gnolls, uniq_terence, uniq_natasha

Skill      XL: |  1  2  3  4 |
---------------+-------------+-----
Armour         | 1 |  1.5
Fighting       | 3 |  3.2
Maces & Flails | 4 |  4.0
Throwing       | |  1.7
Dodging        | |  2.4

Action                   |  1- 3 |  4- 6 || total
-------------------------+-------+-------++-------
Melee: Flail             |   115 |    21 ||   136
  Use: Potion            |       |     3 ||     3
Armor: Leather armour    |    46 |     5 ||    51
       Skin              |       |    47 ||    47
Dodge: Dodged            |    85 |    16 ||   101

Table legend: (Time is in decaauts)
 A = Elapsed time spent in this place.
 B = Non-inter-level travel time spent in this place.
 C = Inter-level travel time spent in this place.
 D = Time resting spent in this place.
 E = Time spent auto-exploring this place.
 F = Levels seen in this place.
 G = Mean time per level.
                   A        B        C        D        E       F      G
               +--------+--------+--------+--------+--------+-----+--------+
         Total |   1187 |   1166 |     21 |      0 |    867 |   2 |  593.5 |
       Dungeon |   1187 |   1166 |     21 |      0 |    867 |   2 |  593.5 |
               +--------+--------+--------+--------+--------+-----+--------+

Top non-repeatable levels by time:
     D:1: 998 daAuts
     D:2: 189 daAuts
